[Event "XTX Markets London Masters 2024"]
[Site "London"]
[Date "2024.11.29"]
[Round "1.1"]
[White "Sadhwani, Raunak"]
[Black "Zhao, George"]
[Result "1-0"]
[ECO "C02"]
[WhiteElo "2677"]
[BlackElo "2233"]
[Annotator "TA"]
[PlyCount "87"]
[EventDate "2024.11.28"]
[EventType "swiss"]
[EventCountry "ENG"]
[SourceTitle "playchess.com"]
[Source "ChessBase"]
[SourceQuality "1"]
[TimeControl "40/5400+30:1800+30"]

1. e4 e6 2. d4 d5 3. e5 c5 4. c3 Nc6 5. Nf3 Bd7 6. Be2 f6 7. O-O fxe5 8. Nxe5 Nxe5 9. dxe5 Qc7 10. Re1 O-O-O 11. Nd2 Ne7 12. Nf3 h6 {[%emt 0:03:23] Repels Ng5. The position is equal.} 13. b4 c4 (13... Nc6 $11) 14. Nd4 $14 {[%emt 0:10:53] And now Bg4 would win.} Nc6 15. Nxc6 Qxc6 16. Be3 Kb8 17. a4 g5 18. Qd4 b6 $2 {[%emt 0:02:01] This costs Black the game.} (18... Qa6 $16) 19. a5 $18 Kb7 20. axb6 axb6 21. Ra2 {[%emt 0:10:33] [#] Hoping for Rea1.} Be7 22. Rea1 Ra8 {[%emt 0:01:15] Inhibits Ra7+.} 23. Rxa8 Rxa8 24. Rxa8 Kxa8 25. Qxb6 {[%emt 0:00:04] White is more active.} Qxb6 26. Bxb6 $16 {[%emt 0:00:05][%mdl 4096] Endgame. KBB-KBB} Kb7 27. Be3 Bd8 28. f3 Bc7 29. Bd4 Bb6 $2 (29... Be8 30. Kf2 Bd8) 30. Bxb6 $18 Kxb6 {[%emt 0:00:04] KB-KB} 31. Kf2 Kb5 32. Ke3 Ka4 33. g3 Kb3 34. Kd4 h5 35. h4 gxh4 36. gxh4 {[%emt 0:00:10] White mates.} Kc2 37. f4 Be8 {[%emt 0:00:02] [#]} 38. b5 $1 Bxb5 (38... Bg6 39. b6) 39. Bxh5 Kd2 40. Bg6 Ke2 41. h5 Kf3 42. h6 Kxf4 43. h7 Kg5 44. Bf7 {[%emt 0:00:08] Weighted Error Value: White=0.07 (flawless) /Black=0.40.  Loses game:     	---       	Black=1      Mistake:       	---       	Black=2      Inaccurate:     	White=1     	Black=2      OK:         	White=11    	Black=6      Best:        	White=4     	---} 1-0

[Event "XTX Markets London Masters 2024"]
[Site "London"]
[Date "2024.11.29"]
[Round "1.2"]
[White "Van Zyl-Rudd, Jack"]
[Black "Smirin, Ilia"]
[Result "1-0"]
[ECO "E94"]
[WhiteElo "2268"]
[BlackElo "2574"]
[Annotator "TA"]
[PlyCount "95"]
[EventDate "2024.11.28"]
[EventType "swiss"]
[EventCountry "ENG"]
[SourceTitle "playchess.com"]
[Source "ChessBase"]
[SourceQuality "1"]
[TimeControl "40/5400+30:1800+30"]

1. d4 Nf6 2. c4 g6 3. Nc3 Bg7 4. e4 d6 5. Nf3 O-O 6. Be2 Nbd7 7. O-O e5 8. Be3 Re8 9. d5 Nh5 10. Re1 Bf8 11. b4 Ng7 12. Nd2 f5 13. f3 Be7 14. Nb3 Bh4 15. Rf1 f4 16. Bf2 Bxf2+ 17. Rxf2 g5 18. c5 Nf6 19. Na5 Kh8 20. Nc4 Rg8 21. g4 (21. a4 $11) 21... fxg3 $1 $15 22. hxg3 Ngh5 23. Kg2 (23. cxd6 $15 cxd6 24. g4) 23... g4 (23... Nxg3 $1 $19 24. Kxg3 Nh5+ 25. Kg2 (25. Kh2 $2 g4 $19) 25... g4 (25... Nf4+ 26. Kh1 $11) 26. fxg4 Qh4) 24. f4 $17 {[%emt 0:00:51] [#]} Nxg3 (24... exf4 $1 $17 {[%mdl 512] Hoping for ...f3+.} 25. Rxf4 (25. gxf4 g3 $17) 25... b5 (25... Nxf4+ 26. gxf4 b5 27. Nxb5 $11) 26. Nxb5 Nxf4+ 27. gxf4 dxc5 (27... Nxe4 28. Qd4+ Qf6 29. Qxe4 $16) 28. bxc5 Qe7 (28... Nxe4 $2 29. Qd4+ Nf6 30. Nxc7 $18)) 25. fxe5 $11 Nfxe4 $2 {[%emt 0:01:29][%mdl 8192] [#]} (25... Ngxe4 $11 {and Black has nothing to worry.} 26. Nxe4 Nxe4) 26. exd6 $1 $18 Nxf2 (26... Nxc3 $2 27. Qd4+ Rg7 28. Kxg3 $18 (28. Qxc3 Ne4 $11)) 27. Qd4+ Rg7 28. Kxg3 Nh3 29. Rf1 Ng5 30. dxc7 $2 (30. Bxg4 $2 Bxg4 31. dxc7 (31. Qxg4 $2 Nf7 $19) 31... Qxc7+ 32. d6 Qd8 $19 (32... Ne6 $2 33. Qf6 $19)) (30. Rf4 $18) 30... Qxc7+ $14 31. d6 Qd8 32. Ne5 (32. Bxg4 $2 Bxg4 33. Rf6 (33. Qxg4 $2 Ne4+ 34. Nxe4 Rxg4+ 35. Kxg4 Qg8+ 36. Ng5 Qxc4+ $19) 33... Be6 $19 (33... Ne6 $2 34. Qe5 $19)) 32... Be6 $1 33. Rf4 (33. Nxg4 a5 34. b5 Bd7 $15) (33. Bxg4 Bxg4 34. Nxg4 (34. Qxg4 $2 Qe8 $19) 34... Qe8 $17) 33... Nf3 (33... Bg8 $1 $11 {keeps the balance.} 34. Qe3 (34. Kxg4 $2 Ne6+ $19) (34. Bxg4 a5 $14) (34. Rxg4 Be6 $15) 34... a6) 34. Bxf3 $16 gxf3+ 35. Kxf3 Qg5 36. Ne2 Kg8 37. b5 Qh5+ ({Better is} 37... a6 $1 $11 38. b6 Re8) 38. Ke3 Re8 39. Kd2 Bxa2 $2 {[%emt 0:15:20][%mdl 8192] [#]} (39... Bd7 $1 $11 {and Black is okay.} 40. Re4 Bxb5) 40. Re4 $1 $18 (40. d7 Rxd7 41. Qxd7 (41. Nxd7 $2 Qxe2+ 42. Kc3 Re3+ $19) 41... Qxe5 (41... Rxe5 42. Rg4+ Kf8 43. Qd6+ Kf7 44. Qd7+ Kf8 45. Qd8+ Kf7 46. Rf4+ Rf5 47. Qd7+ Kg6 48. Qd3 $14) 42. Rg4+ Kf8 43. Rf4+ Kg8 44. Rg4+ Kf8 45. Rf4+ Kg8 $15) 40... Qh6+ 41. Kc3 Qe6 $2 (41... Be6 {might work better.} 42. c6 bxc6) 42. d7 $18 Rd8 (42... Rxd7 $142 43. Nxd7 Qb3+ 44. Kd2 Rxe4 45. Nf6+ (45. Qxe4 Qb2+ 46. Ke1 Qb1+ 47. Qxb1 Bxb1 $18) 45... Kf7 46. Nxe4 (46. Qxe4 Qb2+ 47. Ke3 Qxf6 $11) 46... Qd5 47. Nd6+ Ke7) 43. c6 $18 Qb3+ 44. Kd2 Qxb5 45. Ng4 ({And not} 45. Qxa7 Bb1 46. Re3 bxc6 $17) 45... Qg5+ 46. Kc2 Bf7 47. Nf6+ Kh8 48. c7 (48. cxb7 Qb5 49. Qb4 (49. Qxa7 $2 {is the wrong capture.} Bg6 $19) 49... Qc6+ 50. Kd1 Qxf6 $14) 1-0

[Event "XTX Markets London Masters 2024"]
[Site "London"]
[Date "2024.11.29"]
[Round "1.3"]
[White "Zhang, Pengxiang"]
[Black "Venkataramanan, T.S."]
[Result "1-0"]
[ECO "C54"]
[WhiteElo "2567"]
[BlackElo "2227"]
[Annotator "TA"]
[PlyCount "51"]
[EventDate "2024.11.28"]
[EventType "swiss"]
[EventCountry "ENG"]
[SourceTitle "playchess.com"]
[Source "ChessBase"]
[SourceQuality "1"]
[TimeControl "40/5400+30:1800+30"]

1. e4 e5 2. Nf3 Nc6 3. Bc4 Bc5 4. c3 Nf6 5. d3 d6 6. O-O O-O 7. a4 a6 8. Re1 Ba7 9. h3 Be6 10. Nbd2 {[%emt 0:03:58] White has an edge.} Qd7 11. Nf1 b5 12. Bb3 (12. Bxe6 $14 fxe6 13. Ng3) 12... b4 13. Bg5 Bxb3 14. Qxb3 Qe6 15. Qd1 bxc3 16. bxc3 Nd7 17. d4 {[%emt 0:00:00] [#] d5 is the strong threat.} Qg6 18. Be3 exd4 ({Reject} 18... Qxe4 $6 19. d5 Ne7 (19... Bxe3 $2 20. Rxe3 Qc4 21. dxc6 $18) 20. Bxa7 Qxd5 21. Be3 $16) 19. cxd4 d5 20. e5 ({White should try} 20. exd5 Nb4 21. Rc1) 20... Nb4 21. Rc1 {[%emt 0:00:00] Repels Nc2} (21. Ng3 {simplifies} Qd3 22. Rc1 Qxd1 23. Rexd1 Bb6 24. Nf5) 21... Rfc8 22. Nh4 Qe4 {[%emt 0:03:26][%mdl 8192] Loses the game.} (22... Qe6 $16) 23. Qh5 $18 {[%emt 0:00:00] Threatens to win with Ng3. White is clearly winning.} Nc2 (23... Bxd4 $142 24. Bxd4 (24. Bd2 Bxf2+ 25. Kxf2 Nd3+ 26. Kg1 Nxe1 $18) 24... Qxd4) 24. Ng3 Qd3 {[%emt 0:00:49] [#]} 25. Nhf5 $1 g6 (25... Bxd4 26. Red1) 26. Qh6 {[%emt 0:00:52] Weighted Error Value: White=0.11 (very precise) /Black=0.38.  Loses game:     	---       	Black=1      Mistake:       	White=2     	Black=1      Inaccurate:     	---       	Black=5      OK:         	White=3     	Black=4      Best:        	White=1     	---} 1-0

[Event "XTX Markets London Masters 2024"]
[Site "London"]
[Date "2024.11.29"]
[Round "1.4"]
[White "Kalavannan, Koby"]
[Black "Petrov, Martin"]
[Result "0-1"]
[ECO "A05"]
[WhiteElo "2225"]
[BlackElo "2548"]
[Annotator "RC"]
[PlyCount "128"]
[EventDate "2024.11.28"]
[EventType "swiss"]
[EventCountry "ENG"]
[SourceTitle "playchess.com"]
[Source "ChessBase"]
[SourceQuality "1"]
[TimeControl "40/5400+30:1800+30"]

1. Nf3 Nf6 2. g3 b5 3. Bg2 Bb7 4. O-O e6 5. d3 c5 6. a4 b4 7. e4 d6 8. Nbd2 Be7 9. e5 dxe5 10. Nxe5 Bxg2 11. Kxg2 Qd5+ 12. Qf3 Qxf3+ 13. Ndxf3 Nd5 14. b3 f6 15. Nc4 Nc6 16. Bb2 Kf7 17. Rae1 g5 18. Ne3 h5 19. h4 g4 20. Nd2 Rhg8 21. Ndc4 Rad8 22. Kh2 Nd4 23. Bxd4 cxd4 24. Nd1 e5 25. f3 gxf3 26. Rxf3 Ke6 27. Nf2 Rg6 28. Ne4 Rdg8 29. Ng5+ Kd7 30. Ne4 Ke6 31. Ng5+ Kd7 32. Ne4 Nc3 33. Nf2 Bd8 34. Ne4 Be7 35. Nf2 Bd8 36. Ne4 Ke6 37. Nc5+ Kd5 38. Ne4 Be7 39. Nf2 Bf8 40. Ne4 Be7 41. Ncd2 Ke6 42. Nc4 Nxe4 43. Rxe4 Bd8 44. Re2 Bc7 45. Nd2 f5 46. Nf1 Rg4 47. Ref2 f4 48. gxf4 e4 49. Rg3 e3 50. Rxg4 Rxg4 51. Re2 Bxf4+ 52. Kh1 Kf5 53. Re1 Rxh4+ 54. Kg2 Rg4+ 55. Kh1 h4 56. Re2 h3 57. Nh2 Bxh2 58. Kxh2 Rg2+ 59. Rxg2 hxg2 60. Kxg2 Kg4 61. a5 a6 62. Kg1 Kf3 63. Kf1 e2+ 64. Ke1 Ke3 0-1

[Event "XTX Markets London Masters 2024"]
[Site "London"]
[Date "2024.11.29"]
[Round "1.5"]
[White "Fier, Alexandr"]
[Black "Li, Jack"]
[Result "1-0"]
[ECO "B40"]
[WhiteElo "2544"]
[BlackElo "1717"]
[Annotator "TA"]
[PlyCount "59"]
[EventDate "2024.11.28"]
[EventType "swiss"]
[EventCountry "ENG"]
[SourceTitle "playchess.com"]
[Source "ChessBase"]
[SourceQuality "1"]
[TimeControl "40/5400+30:1800+30"]

1. e4 c5 2. Nf3 e6 3. b3 a6 4. Bb2 d5 5. exd5 exd5 6. Qe2+ Be6 7. g3 Nc6 8. Bg2 {[%emt 0:00:06] The position is equal.} Qd7 9. Ng5 O-O-O 10. Nxe6 fxe6 11. d3 Nf6 12. Nd2 e5 13. c4 $16 (13. Bxe5 $2 Nxe5 14. O-O (14. Qxe5 $2 Re8 $19) 14... Re8 $19) 13... d4 14. a3 Bd6 15. O-O Rde8 {[%emt 0:06:15] [#]} ({Black should try} 15... h5) 16. b4 $1 cxb4 {[%emt 0:01:03] [#]} (16... Rhf8 $16 {might work better.} 17. Rfb1 (17. b5 axb5 18. cxb5 Na5 $16) 17... e4) (16... h5 17. bxc5) 17. c5 $1 $18 Bc7 {[%emt 0:06:40] [#]} (17... Bxc5 18. Rfc1) 18. axb4 Nxb4 19. Nc4 Nfd5 (19... Nbd5 $142 20. Qc2 Qc6) 20. Rfc1 (20. Rfb1 $142) 20... Kb8 (20... Re6 {is a better defense.} 21. Rcb1 Nc6) 21. Qe4 (21. Rcb1 $18 {is the precise move to win. And now Ba3 would win.} Qb5 22. Qd2) 21... Qb5 $16 22. Rab1 {[%emt 0:02:05][%mdl 1024] aiming for Ba3. White has strong compensation.} ({Of course not} 22. Ba3 $6 Nc3 (22... Qxc5 $2 {loses.} 23. Bxb4 Qxb4 24. Qxd5 $18) 23. Rxc3 dxc3 $11) 22... Nf6 $2 {[%emt 0:01:26][%mdl 8192] This costs Black the game.} (22... a5 $16) 23. Qe2 {[%emt 0:00:16] Strongly threatening Ba3.} Nbd5 $2 (23... e4 24. dxe4 (24. Bxd4 exd3 25. Qb2 Nfd5 $18) 24... d3) 24. Ba3 $18 {[%emt 0:01:58] White is clearly winning.} Qc6 25. Nd6 Bxd6 26. cxd6 Qa4 27. Qb2 b5 {[%emt 0:00:30] [#]} 28. d7 $1 Re6 {[%emt 0:00:27] Dodges Bd6+} 29. Bh3 {[%emt 0:00:14] A strong pair of Bishops.} Rb6 30. Rc8+ {[%emt 0:00:07] Weighted Error Value: White=0.27 (precise) /Black=0.64.  Loses game:     	---       	Black=1      Missed win:     	White=1     	---        Mistake:       	White=1     	Black=6      OK:         	White=9     	Black=2      Best:        	White=1     	Black=2} 1-0

[Event "XTX Markets London Masters 2024"]
[Site "London"]
[Date "2024.11.29"]
[Round "1.6"]
[White "Manmay Chopra"]
[Black "Hera, Imre Jr."]
[Result "0-1"]
[ECO "B42"]
[WhiteElo "2217"]
[BlackElo "2522"]
[Annotator "TA"]
[PlyCount "70"]
[EventDate "2024.11.28"]
[EventType "swiss"]
[EventCountry "ENG"]
[SourceTitle "playchess.com"]
[Source "ChessBase"]
[SourceQuality "1"]
[TimeControl "40/5400+30:1800+30"]

1. Nf3 c5 2. e4 e6 3. d4 cxd4 4. Nxd4 a6 5. Bd3 Bc5 6. Nb3 Ba7 7. Qe2 Nc6 8. Be3 d6 9. Nc3 b5 10. O-O Nf6 11. a4 b4 12. Nd1 O-O 13. Bxa7 Rxa7 14. a5 Qc7 (14... Ne5 $5) 15. f4 e5 16. f5 {[%emt 0:05:30] Inhibits Be6. The position is equal.} Nd4 17. Nxd4 exd4 18. Nf2 Qc5 19. Qf3 ({But not} 19. Ng4 Nxg4 20. Qxg4 f6 $11) ({Better is} 19. Qd2 $1 $14) 19... Re7 $15 20. Ng4 Nxg4 21. Qxg4 f6 22. Rf3 Bb7 23. Rg3 Rc8 24. h4 Qe5 25. Ra4 h5 26. Qg6 {[%emt 0:04:02][%mdl 8192] [#] This move loses the game for White.} (26. Qf3 $17) 26... Bxe4 27. Bxe4 Qxe4 28. Qxh5 Rxc2 29. Ra1 {[%emt 0:04:23] Prevents Qe1+. White is weak on the dark squares} d3 {[%emt 0:01:05][%cal Od3d2] [#] ( -> ...d2!)} 30. Rd1 d2 31. Kh2 Qf4 {[%emt 0:02:02] Active counter play!} (31... Rc1 $142 32. Rxd2 Qe1) 32. Rf1 Qxf1 {[%emt 0:00:57] Black mates.} 33. Rxg7+ Kxg7 34. Qg6+ Kf8 35. Qxf6+ Ke8 {[%emt 0:00:02] Weighted Error Value: White=1.41/Black=0.49.  Loses game:     	White=1     	---        Mistake:       	White=1     	---        Inaccurate:     	White=4     	Black=2      OK:         	White=3     	Black=7} 0-1

[Event "XTX Markets London Masters 2024"]
[Site "London"]
[Date "2024.11.29"]
[Round "1.7"]
[White "Fodor, Tamas Jr."]
[Black "Gallana, Marco"]
[Result "1/2-1/2"]
[ECO "D87"]
[WhiteElo "2518"]
[BlackElo "2216"]
[Annotator "TA"]
[PlyCount "235"]
[EventDate "2024.11.28"]
[EventType "swiss"]
[EventCountry "ENG"]
[SourceTitle "playchess.com"]
[Source "ChessBase"]
[SourceQuality "1"]
[TimeControl "40/5400+30:1800+30"]

1. d4 Nf6 2. c4 g6 3. Nc3 d5 4. cxd5 Nxd5 5. e4 Nxc3 6. bxc3 Bg7 7. Bc4 c5 8. Ne2 Nc6 9. Be3 O-O 10. O-O b6 11. Rc1 {[%emt 0:01:50] 11.Qd2 is the modern continuation. D87: Exchange Grünfeld: Classical Line: Variations without ...cxd4.} Bb7 12. Bb5 e6 13. dxc5 Qc7 14. cxb6 $146 ({Predecessor:} 14. Qd6 Qxd6 15. cxd6 Rfd8 16. Rfd1 Ne5 17. Ng3 Ng4 18. Bf4 e5 19. Bg5 f6 20. f3 fxg5 {1-0 Panda,S (2367)-Coenen,M (2331) Budapest SixDays Two Years GM-A 2024 (6)}) 14... axb6 15. a4 Ne5 16. f3 Nc4 17. Bd4 e5 18. Bxc4 Qxc4 19. Bxb6 Rxa4 20. Rc2 Rfa8 21. Qd2 Bf8 22. Rb1 Bc6 23. Be3 Ra1 24. Rxa1 Rxa1+ 25. Kf2 Ba4 26. Nc1 Bxc2 27. Qxc2 Ba3 28. Kg3 Bxc1 29. Bxc1 Ra2 30. Qb1 Kg7 31. Qb8 Qc5 32. Kh3 Rc2 33. Bg5 Rxc3 34. Qd8 Qc8+ 35. Qxc8 Rxc8 36. g4 f6 37. Bd2 Rc2 38. Ba5 Ra2 39. Bb6 Kf7 40. Kg3 g5 41. h4 gxh4+ 42. Kxh4 Kg6 43. Bd8 Ra3 44. Kg3 Rd3 45. Be7 Kg5 46. Bf8 h5 47. gxh5 Kxh5 48. Kf2 Kg5 49. Kg2 Rd8 50. Be7 Rd7 51. Bf8 Rh7 52. Kg3 Rh8 53. Bc5 Rg8 54. Be7 Rg7 55. Bc5 Kh5+ 56. Kh3 Rg5 57. Be3 Rg8 58. Bc5 Kh6 59. Be3+ Kh7 60. Bf2 Rg6 61. Bg3 Kg7 62. Kg2 (62. f4 $17 {might work better.}) 62... Kf7 63. Kf2 Ke6 64. Bh4 Kd6 65. Ke3 Kc5 66. Kd3 Kb5 67. Bf2 Rg7 68. Bh4 Rd7+ 69. Ke3 Rd6 70. Ke2 Kc4 71. Ke3 Kc3 72. Ke2 Kc2 73. Be1 Rd4 (73... Re6 $17 74. Bb4 Re8) 74. Bh4 $1 $11 Rd6 (74... f5 $11 75. Bf6 Rd2+ (75... fxe4 76. Bxe5 Rd5 77. Bc7 $11) 76. Kf1 Rd3) 75. Be1 $1 $17 Ra6 76. Bh4 Kc3 77. Be1+ Kc4 78. Bh4 Kc5 79. Ke3 Re6 80. Ke2 Kd6 81. Be1 Ke7 82. Bb4+ Kf7 83. Kf2 Kg6 84. Kg3 Rb6 85. Be7 $2 (85. Bc5 $17 Rc6 86. Bf2) 85... Rb3 $2 (85... f5 $19 {has better winning chances. Strongly threatening ...fxe4.} 86. Bc5 Rb3) 86. Kg4 $17 Rb1 87. Bc5 Rc1 88. Bb6 Rc4 89. Kg3 f5 90. exf5+ Kxf5 91. Be3 Ke6 92. Kf2 Kd5 93. Ke2 Rc2+ 94. Kd3 Ra2 95. Bb6 Ke6 96. Be3 Kf5 97. Bc1 Rf2 98. Ke3 Rc2 99. Bd2 Rc4 100. Kd3 Rd4+ 101. Ke3 Ke6 102. Ke2 Kd5 103. Be3 Rh4 104. Kd3 Rh3 105. Ke2 Kc4 106. Bb6 Rh6 107. Ba7 Ra6 108. Bg1 Ra2+ 109. Ke3 Kc3 (109... Kd5 $17 110. Bf2 Ke6) 110. Bf2 Kc4 111. Bg3 (111. Bg1 $1 $11) 111... Kd5 $17 112. Be1 Ra3+ 113. Ke2 e4 (113... Ke6 $17 114. Bd2 Kd5) 114. fxe4+ $11 Kxe4 115. Kf2 Rf3+ 116. Kg2 Ke3 117. Bg3 Rxg3+ 118. Kxg3 1/2-1/2

[Event "XTX Markets London Masters 2024"]
[Site "London"]
[Date "2024.11.29"]
[Round "1.9"]
[White "Ghasi, Ameet K"]
[Black "Verma, Shlok"]
[Result "1-0"]
[ECO "D30"]
[WhiteElo "2503"]
[BlackElo "2191"]
[Annotator "TA"]
[PlyCount "65"]
[EventDate "2024.11.28"]
[EventType "swiss"]
[EventCountry "ENG"]
[SourceTitle "playchess.com"]
[Source "ChessBase"]
[SourceQuality "1"]
[TimeControl "40/5400+30:1800+30"]

1. Nf3 d5 2. c4 e6 3. g3 Nf6 4. Bg2 Be7 5. O-O O-O 6. b3 c5 7. cxd5 exd5 8. d4 cxd4 9. Nxd4 Nc6 10. Nxc6 bxc6 {[%emt 0:00:48][%cal Bb7c6,Bc6c5,Bc5c4][%mdl 32] The position is equal.} 11. Qc2 Qb6 12. Nc3 Be6 13. Bb2 Rac8 14. Rac1 Qb8 (14... c5 $11) 15. e3 c5 16. Ne2 Rfd8 17. Nf4 c4 18. Bd4 Ba3 19. Rb1 {[%emt 0:00:48][%cal Bc1b1,Bb1b3,Bb3b7,Bb7c7,Bc7c6][%mdl 32] [#] Black must now prevent Nxe6.} (19. Rcd1 {simplifies} cxb3 20. Qxb3 Qxb3 21. axb3 Bd6 22. Bxf6 gxf6 23. Bxd5 Bxf4 24. Bxe6 fxe6 25. exf4 a5 26. Rxd8+ Rxd8 27. Rc1) 19... cxb3 20. Qd3 Qc7 ({Black should try} 20... Qd6) 21. Rxb3 Be7 22. Rfb1 {[%emt 0:03:35] White has more active pieces.} Qa5 $2 {[%emt 0:01:48] Loses the game.} (22... Qc4 $16) 23. Rb7 $18 Rc7 {[%emt 0:00:27] [#]} 24. Bb6 $1 axb6 25. Rxc7 Bc5 26. Qc2 Ne8 (26... Bg4 $142 27. h3 Bh5) 27. Nxe6 fxe6 28. Rc6 Nd6 29. Bh3 Re8 30. Rxd6 Bxd6 31. Qc6 Rd8 32. Bxe6+ Kh8 33. Qxb6 {[%emt 0:00:00] Weighted Error Value: White=0.16 (very precise) /Black=0.37.  Loses game:     	---       	Black=1      Mistake:       	---       	Black=3      Inaccurate:     	White=1     	Black=2      OK:         	White=13    	Black=9      Best:        	White=1     	Black=1} 1-0

[Event "XTX Markets London Masters 2024"]
[Site "London"]
[Date "2024.11.29"]
[Round "1.10"]
[White "Bin-Suhayl, Ieysaa"]
[Black "Harvey, Marcus R"]
[Result "0-1"]
[ECO "D02"]
[WhiteElo "2183"]
[BlackElo "2491"]
[Annotator "TA"]
[PlyCount "106"]
[EventDate "2024.11.28"]
[EventType "swiss"]
[EventCountry "ENG"]
[SourceTitle "playchess.com"]
[Source "ChessBase"]
[SourceQuality "1"]
[TimeControl "40/5400+30:1800+30"]

1. Nf3 d5 2. d4 Nf6 3. g3 Nbd7 4. Bg2 Nb6 5. O-O Bf5 6. Ne5 Nfd7 7. c4 c6 8. cxd5 {[%emt 0:21:17] White is slightly better.} (8. Nxd7 {simplifies} Qxd7 9. c5 Nc8 10. Nd2) 8... cxd5 9. a4 {[%emt 0:08:16][%cal Ba2a4,Ba4a5][%mdl 32] aiming for a5.} Nxe5 10. dxe5 e6 11. a5 Nd7 12. Qa4 {[%emt 0:00:06] Hoping for Nc3.} Rc8 13. b3 ({White should play} 13. Nc3 $14) 13... Be7 $11 14. e4 Bxe4 15. Bxe4 dxe4 16. Ba3 O-O {[%emt 0:03:46] Threatens to win with ...Bxa3.} 17. Rd1 $1 Rc7 ({Much weaker is} 17... Bxa3 18. Nxa3 Rc7 19. Qxe4 $14) 18. Qxe4 Nc5 19. Rxd8 Nxe4 20. Bxe7 Rxe7 21. Rd4 Nc5 22. Rc4 Nd3 (22... Nxb3 $2 23. Ra3 $18) 23. f4 g5 24. Nd2 {[%emt 0:02:51] And now Ne4 would win.} gxf4 25. gxf4 f6 26. Rd4 Rg7+ (26... fxe5 $2 {perishes.} 27. Rxd3 exf4 28. Kg2 $18) 27. Kf1 {[%emt 0:00:03] [#] Strongly threatening exf6.} Nxe5 28. Rd6 (28. Re1 Nc6) 28... Ng6 29. Rxe6 Nxf4 30. Re4 Nd3 31. Nf3 Ne5 32. Nxe5 fxe5+ $15 {[%emt 0:00:05][%mdl 4096] Endgame. KRR-KRR} 33. Ke2 Rf5 34. Kd3 (34. a6 $11 {keeps the balance.}) 34... Rd7+ 35. Kc4 (35. Ke3 $15) 35... Kf7 $17 36. a6 bxa6 37. Rxa6 Rf4 38. Rxf4+ exf4 {[%emt 0:00:06] KR-KR} 39. Rh6 $2 {[%emt 0:00:27][%mdl 8192] Now White is beyond hope.} (39. b4 $17) 39... Kg7 $19 40. Rh4 Rf7 {[%emt 0:00:11] ( -> ...f3)} 41. Kd3 {[%emt 0:12:20] [#]} f3 $1 {[%emt 0:01:54] Black mates.} 42. Rg4+ Kh6 43. Rg1 f2 44. Rf1 Kg5 45. Ke3 Kg4 46. Rxf2 Rxf2 47. Kxf2 {[%emt 0:00:02] KPP-KPP} Kf4 48. Ke2 Ke4 49. h3 Kf4 50. b4 Ke4 51. h4 h5 52. Kd2 {[%emt 0:03:01] [#]} Kd4 $1 53. Kc2 Kc4 {[%emt 0:00:05] Weighted Error Value: White=0.51/Black=0.06 (flawless) .  Loses game:     	White=1     	---        Mistake:       	White=3     	---        Inaccurate:     	White=3     	Black=4      OK:         	White=10    	Black=10     Best:        	White=2     	Black=5      Strong:       	White=1     	---        Brilliant:      	---       	Black=1} 0-1

[Event "XTX Markets London Masters 2024"]
[Site "London"]
[Date "2024.11.29"]
[Round "1.11"]
[White "Barnaure, Vlad-Victor"]
[Black "Finn, Peter"]
[Result "1-0"]
[ECO "A14"]
[WhiteElo "2480"]
[BlackElo "2175"]
[Annotator "TA"]
[PlyCount "79"]
[EventDate "2024.11.28"]
[EventType "swiss"]
[EventCountry "ENG"]
[SourceTitle "playchess.com"]
[Source "ChessBase"]
[SourceQuality "1"]
[TimeControl "40/5400+30:1800+30"]

1. c4 Nf6 2. Nf3 e6 3. g3 d5 4. Bg2 Be7 5. O-O O-O 6. b3 d4 7. e3 c5 8. exd4 cxd4 9. d3 Nc6 {[%emt 0:01:16] The position is equal.} 10. Re1 a5 11. Ne5 Nxe5 12. Rxe5 Qc7 13. Rb5 e5 {[%emt 0:13:13] Wards off Bf4} (13... Nd7 $142) 14. Bg5 h6 15. Bxf6 Bxf6 16. Nd2 Ra7 17. Qh5 g6 (17... Bg5 $11 18. Ne4 g6) 18. Qf3 $2 (18. Qxh6 $16 {Hoping for Ne4.} Bg7 19. Qh4) 18... Bg7 19. Qd5 Be6 20. Qc5 Qb8 (20... Qxc5 $11 {keeps the balance.} 21. Rxc5 Rc8) 21. Qb6 $16 {[%emt 0:01:55][%cal Oc4c5] White is much more active. Black is now going downhill.} (21. Rxa5 $2 b6 22. Rxa7 bxc5 $19) 21... a4 (21... Bd7 $16 {was necessary.}) 22. b4 Bd7 {[%emt 0:00:19] [#]} 23. Ra5 $36 {[%emt 0:00:14][%mdl 2048] Black is under strong pressure.} Rxa5 (23... Ra6 $142 24. Rxa6 (24. Qxb7 Qxb7 25. Bxb7 Rb6 $16) 24... bxa6) 24. bxa5 $18 (24. Qxa5 b6 25. Qa6 Bf5 $16) 24... Bc6 25. Bxc6 bxc6 26. Rb1 (26. Qxc6 Qb2 27. Rd1 Qc2 $17) 26... Qd6 (26... Qxb6 27. Rxb6 (27. axb6 f5 $18) 27... Ra8) 27. a6 Qa3 28. a7 Qxd3 29. Qxc6 $1 Qxd2 30. Rb8 (30. a8=B $2 Qxa2 31. Rd1 Qc2 $19) (30. a8=R Qc2 31. Rab8 (31. Qxa4 $2 Qxb1+ 32. Kg2 Qb7+ 33. f3 Rxa8 $19) 31... e4 $16) 30... Qe1+ 31. Kg2 e4 32. Rxf8+ (32. a8=R e3 33. Rxf8+ (33. Qxa4 Qxf2+ 34. Kh3 Qf1+ 35. Kg4 h5+ 36. Kh4 Bf6#) 33... Bxf8 34. fxe3 Qe2+ 35. Kh3 d3 $11) 32... Bxf8 33. a8=Q {[%emt 0:00:31][%cal Oc6c5] [#] Qc5! would kill now.} (33. a8=B $2 e3 34. fxe3 dxe3 $19) 33... e3 34. Qf6 {[%emt 0:01:02] Qd5 would now be deadly.} (34. Qcxa4 {leads to mate.} exf2) 34... e2 35. Qe8 (35. Qxd4 $2 {is the wrong capture.} Qf1+ 36. Kf3 Qh1+ (36... e1=B $2 37. Qad5 $18) (36... e1=Q 37. Qh8+ Kxh8 38. Qxf8+ Kh7 39. Qxf7+ Kh8 40. Qf8+ Kh7 41. Qf7+ Kh8 42. Qf8+ Kh7 43. Qf7+ $11) 37. Kxe2 Qxa8 $19) 35... Qf1+ 36. Kf3 e1=N+ 37. Kg4 h5+ 38. Kh4 Ng2+ 39. Kg5 Qxc4 40. Qee5 {[%emt 0:00:06] Weighted Error Value: White=0.22 (precise) /Black=0.51.  Mistake:       	White=1     	Black=6      Inaccurate:     	White=2     	Black=1      OK:         	White=7     	Black=4      Best:        	White=1     	---} 1-0